 Dungeon Crawl Stone Soup version 0.30-a0-347-gf58ed5266c (webtiles) character file.

Game seed: 17514779117102496817

89 mcwallace the Chiller (level 4, -2/33 HPs)
             Began as a Demonspawn Ice Elementalist on Nov 7, 2022.
             Slain by Duvessa
             ... wielding a +0 short sword
              (5 damage)
             ... on level 4 of the Dungeon.
             The game lasted 00:05:06 (2565 turns).

mcwallace the Chiller (Demonspawn Ice Elementalist) Turns: 2565, Time: 00:05:07

Health: -2/33      AC: 10    Str:  9    XL:     4   Next: 31%
Magic:  6/8        EV: 12    Int: 18    God:
Gold:   205        SH:  0    Dex: 13    Spells: 1/8 levels left

rFire   . . .      SeeInvis .    w - +1 dagger (venom) {short}
rCold   . . .      Faith    .    (no shield)
rNeg    . . .      Spirit   .    a - +0 robe
rPois   .          Reflect  .    (no helmet)
rElec   .          Harm     .    (no cloak)
rCorr   +          Rampage  .    (no gloves)
Will    .....                    (no boots)
Stlth   ++........               (no amulet)
HPRegen 0.25/turn                k - ring of resist corrosion
MPRegen 0.22/turn                (no ring)

@: ice-armoured, freezing walls
A: thin metallic scales 1, magic regeneration, condensation shield
a: no special abilities


You were on level 4 of the Dungeon.
You visited 1 branch of the dungeon, and saw 4 of its levels.

You collected 205 gold pieces.


Innate Abilities, Weirdness & Mutations

You are partially covered in thin metallic scales. (AC +2)
You regenerate magic rapidly.
A meltable shield of frost defends you. (SH +0)


   Skills:
 + Level 1.8 Fighting
 + Level 2.6 Dodging
 - Level 1.7 Stealth
 + Level 2.6 Spellcasting
 + Level 4.1 Ice Magic


You had one spell level left.
You knew the following spells:

 Your Spells              Type           Power      Damage    Failure   Level
a - Freeze                Ice            68%        1d8       3%          1
b - Frozen Ramparts       Ice            34%        1d6       10%         3
c - Ozocubu's Armour      Ice            17%        N/A       10%         3

Your spell library contained the following spells:

 Spells                   Type           Power      Damage    Failure   Level
 Blink                    Tloc           4%         N/A       26%         2
 Momentum Strike          Conj/Tloc      4%         3d8       26%         2
 Static Discharge         Conj/Air       4%         2-3/arc   26%         2
 Lesser Beckoning         Tloc           4%         N/A       45%         3
 Portal Projectile        Hex/Tloc       4%         N/A       45%         3
 Tukima's Dance           Hex            2%         N/A       45%         3
 Vhi's Electric Charge    Tloc/Air       4%         N/A       45%         3
 Summon Ice Beast         Ice/Summ       9%         N/A       58%         4
 Arcjolt                  Conj/Air       1%         1d11      99%         5
 Blade Hands              Tmut           1%         N/A       99%         5
 Lightning Bolt           Conj/Air       1%         1d12      99%         5

Inventory:

Hand Weapons
 i - a +0 dagger {short}
   (You took it off a kobold on level 1 of the Dungeon)
 m - a +0 short sword {short}
   (You took it off a kobold on level 1 of the Dungeon)
 w - a +1 dagger of venom (weapon) {short}
   (You took it off a goblin on level 2 of the Dungeon)
 I - a +0 quarterstaff {staff}
   (You found it on level 4 of the Dungeon)
Missiles
 c - 23 stones {throwing}
 D - 2 boomerangs {throwing}
Armour
 a - a +0 robe (worn)
 e - a +0 robe
   (You found it on level 1 of the Dungeon)
 u - a +0 chain mail
   (You found it on level 2 of the Dungeon)
 y - a +0 ring mail
   (You found it on level 2 of the Dungeon)
 z - a +0 ring mail
   (You took it off an orc on level 3 of the Dungeon)
 A - a +0 leather armour
   (You found it on level 3 of the Dungeon)
 C - a +0 helmet
   (You found it on level 3 of the Dungeon)
 E - a +0 leather armour
   (You took it off an orc on level 3 of the Dungeon)
 F - a +0 leather armour
   (You found it on level 3 of the Dungeon)
 G - a +0 robe
   (You took it off an orc wizard on level 3 of the Dungeon)
Jewellery
 k - a ring of resist corrosion (left hand)
   (You found it on level 1 of the Dungeon)
Scrolls
 d - 5 scrolls of identify {unknown}
 f - 2 scrolls of magic mapping {unknown}
 h - a scroll of vulnerability {unknown}
 n - a scroll of amnesia {unknown}
 o - 2 scrolls of teleportation {unknown}
 r - a scroll of silence {unknown}
 s - 2 scrolls of poison {unknown}
 t - 2 scrolls of noise {unknown}
 x - a scroll of enchant armour {unknown}
Potions
 b - a potion of magic
 g - a potion of invisibility {unknown}
 j - a potion of cancellation {unknown}
 p - a potion of degeneration {unknown}
 q - a potion of attraction {unknown}
 v - a potion of might {unknown}
 B - 2 potions of berserk rage {unknown}
 H - a potion of heal wounds {unknown}

Dungeon Overview and Level Annotations

Branches:
Dungeon (4/15) Zot: 21410
 Temple: D:4-7

Altars:

Shops:
D:1 !

Portals:
Abyss: D:3

Annotations:
D:3 2 transporters, CabbageHands's ghost, amateur DjGl
D:4 Dowan; Duvessa

##. #.. #.#
#.# #.# #ยง#
####### #e#
#.....# #@#
#.....# #.#
#.....# ##e#
#.....# #..#
#.....###.##
###..###..#
#..##..##
#.....##
#...###


You could see Duvessa (extremely poisoned) and Dowan.


Message History

The spell is quite dangerous to miscast (10% risk of failure)!
Continue anyway?
Casting: Frozen Ramparts (quite dangerous; 10% risk of failure)
Press: ? - help, Dir - look around, f - activate The walls around you are covered in ice.
You hear the slow hiss of a distant avalanche of sand.
The wall freezes Duvessa but does no damage.
Duvessa hits you with a +0 short sword! ๐Ÿ˜ฎ HP[-9] MP[-3]
You take 9 damage, and now have 24/33 hp.
MASSIVE DAMAGE!! (PAUSE)
You lost 3 mp, and now have 5/8 mp.
Casting: Frozen Ramparts (quite dangerous; 10% risk of failure)
Confirm with . or Enter, or press ? or * to list all spells.
The spell is quite dangerous to miscast (10% risk of failure)!
Continue anyway?
You miscast Ozocubu's Armour.
You are very lightly contaminated with residual magic.
Nothing appears to happen.
The wall freezes Duvessa but does no damage.
Duvessa hits you with a +0 short sword! ๐Ÿ˜ฎ HP[-6] MP[-3]
You take 6 damage, and now have 18/33 hp.
You lost 3 mp, and now have 2/8 mp.
You hit Duvessa but do no damage.
Duvessa is poisoned.
Dowan says, "My weaknesses are her strengths!"
The wall freezes Duvessa but does no damage.
Duvessa closely misses you.
You hit Duvessa.
The wall freezes Duvessa but does no damage.
You block Duvessa's attack.
The wall freezes Dowan but does no damage. ๐Ÿ˜ฎ MP[+1]
You barely miss Duvessa.
The wall freezes Dowan.
The wall freezes Duvessa but does no damage.
You block Duvessa's attack.
You closely miss Duvessa.
The wall freezes Dowan.
The wall freezes Duvessa but does no damage.
Duvessa zaps a wand.
The puff of flame hits you.
Your condensation shield dissipates!
* * * LOW HITPOINT WARNING * * *
๐Ÿ˜จ HP[-2]
You take 2 damage, and now have 16/33 hp.
Casting: Ozocubu's Armour (quite dangerous; 10% risk of failure)
Confirm with . or Enter, or press ? or * to list all spells.
The spell is quite dangerous to miscast (10% risk of failure)!
Continue anyway?
A film of ice covers your body!
The wall freezes Duvessa.
Duvessa barely misses you.
The wall freezes Dowan. ๐Ÿ˜จ MP[-3]
You lost 3 mp, and now have 0/8 mp.
You hit Duvessa but do no damage.
Duvessa looks as sick as possible!
The frozen ramparts melt away.
Dowan mumbles some strange words.
Dowan blinks!
Duvessa zaps a wand.
The puff of flame hits you!
* * * LOW HITPOINT WARNING * * *
The heat melts your icy armour. ๐Ÿ˜จ HP[-7]
You take 7 damage, and now have 9/33 hp.
MASSIVE DAMAGE!! (PAUSE)
You barely miss Duvessa. Duvessa hits you with a +0 short sword.
* * * LOW HITPOINT WARNING * * *
๐Ÿ˜ฑ HP[-4] MP[+1]
You take 4 damage, and now have 5/33 hp.
You feel better.
Dowan mumbles some strange words.
Dowan blinks!
Duvessa zaps a wand.
The puff of flame hits you!
* * * LOW HITPOINT WARNING * * *
The heat melts your icy armour. ๐Ÿ˜ฑ HP[-1]
You take 1 damage, and now have 4/33 hp.
You hit Duvessa but do no damage. Duvessa hits you but does no damage.
You hit Duvessa but do no damage.
Duvessa looks as sick as possible!
Duvessa hits you but does no damage.
Your magical contamination has completely faded away.
Magic courses through your body. Duvessa barely misses you. ๐Ÿ˜ฑ MP[+7]
Your mp is fully restored (8).
Casting: Ozocubu's Armour (quite dangerous; 10% risk of failure)
Confirm with . or Enter, or press ? or * to list all spells.
The spell is quite dangerous to miscast (10% risk of failure)!
Continue anyway?
Casting: Frozen Ramparts (quite dangerous; 10% risk of failure)
Press: ? - help, Dir - look around, f - activate The walls around you are covered in ice.
The wall freezes Duvessa.
Duvessa zaps a wand.
The puff of flame hits you.
* * * LOW HITPOINT WARNING * * *
The wall freezes Dowan but does no damage.
Dowan gestures wildly while chanting.
Dowan blinks!
The heat melts your icy armour. ๐Ÿ˜ฑ HP[-1] MP[-2]
You take 1 damage, and now have 3/33 hp.
You lost 2 mp, and now have 6/8 mp.
You closely miss Duvessa.
The wall freezes Dowan.
The wall freezes Duvessa.
Duvessa hits you with a +0 short sword.
You die...

Skill      XL: |  1  2  3 |
---------------+----------+-----
Dodging        | 2 |  2.6
Fighting       | 1 |  1.8
Ice Magic      | 4 |  4.1
Stealth        | |  1.7
Spellcasting   | |  2.6

Action                   |  1- 3 |  4- 6 || total
-------------------------+-------+-------++-------
Melee: Unarmed           |    19 |       ||    19
       Dagger            |    64 |    24 ||    88
       Short sword       |    42 |       ||    42
       Punch             |     1 |       ||     1
 Cast: Freeze            |    16 |       ||    16
       Frozen Ramparts   |       |     2 ||     2
       Ozocubu's Armour  |       |     1 ||     1
  Use: Potion            |       |     2 ||     2
 Stab: Sleeping          |     5 |       ||     5
Armor: Robe              |    21 |     6 ||    27
Dodge: Dodged            |    69 |     8 ||    77
Block: Other             |    17 |     5 ||    22

Levels and vault maps discovered:
D:1:      dpeg_arrival_pond, layout_basic, serial_shops, nicolae_shop_crystal,
          minmay_misc_feat_tower
D:2:      wander_river, layout_basic, nicolae_ecumenical_oubliette
D:3:      layout_basic, gammafunk_ghost_abyssal_escape, serial_bayou_pond_e
D:4:      layout_rooms, mainiacjoe_overflow_cross_hatched,
          gammafunk_ghost_necromancy, serial_shops, shop_statue,
          nicolae_ossuary_entry_giza, uniq_duvessa

Notes
Turn   | Place    | Note
-------+----------+-------------------------------------------
     0 | D:1      | mcwallace the Demonspawn Ice Elementalist began the quest
                  | for the Orb.
     0 | D:1      | Reached XP level 1. HP: 13/13 MP: 3/3
     0 | D:1      | magus.rc [v1.9.6]
   312 | D:1      | Found Hekhla's Distillery.
   320 | D:1      | Reached skill level 2 in Dodging
   357 | D:1      | Gained mutation: A meltable shield of frost defends you.
                  | (SH +0) [demonic ancestry]
   357 | D:1      | Reached XP level 2. HP: 17/20 MP: 3/5
   413 | D:1      | You pick up a book of Lightning and begin reading...
   413 | D:1      | You add the spells Static Discharge, Vhi's Electric Charge,
                  | Lightning Bolt and Arcjolt to your library.
  1105 | D:2      | Found a faded altar of an unknown god.
  1118 | D:2      | Reached skill level 1 in Fighting
  1549 | D:2      | Gained mutation: You are partially covered in thin metallic
                  | scales. (AC +2) [demonic ancestry]
  1549 | D:2      | Reached XP level 3. HP: 26/26 MP: 6/6
  1666 | D:2      | You pick up a book of Weapons and begin reading...
  1666 | D:2      | You add the spells Tukima's Dance, Portal Projectile and
                  | Blade Hands to your library.
  2083 | D:3      | You pick up a book of Spatial Translocations and begin
                  | reading...
  2083 | D:3      | You add the spells Blink, Momentum Strike and Lesser
                  | Beckoning to your library.
  2100 | D:3      | Found a one-way gate to the infinite horrors of the Abyss.
  2100 | D:3      | Noticed CabbageHands's ghost (amateur DjGl)
  2120 | D:3      | Found a transporter.
  2138 | D:3      | Reached skill level 4 in Ice Magic
  2245 | D:3      | Found a transporter.
  2341 | D:3      | Gained mutation: You regenerate magic rapidly. [demonic
                  | ancestry]
  2341 | D:3      | Reached XP level 4. HP: 26/33 MP: 7/7
  2487 | D:3      | Noticed a small abomination
  2536 | D:4      | Noticed Duvessa
  2542 | D:4      | Learned a level 3 spell: Frozen Ramparts
  2546 | D:4      | Learned a level 3 spell: Ozocubu's Armour
  2548 | D:4      | Noticed Dowan
  2559 | D:4      | HP: 5/33 [Duvessa/+0 short sword (4)]
  2564 | D:4      | HP: 3/33 [Duvessa/puff of flame (2)]
  2565 | D:4      | Slain by Duvessa

Vanquished Creatures
  An orc wizard (D:3)
  An adder (D:3)
  6 orcs (D:3)
  7 endoplasms
  A giant cockroach (D:3)
  4 goblins
  7 hobgoblins
  A ball python (D:2)
  5 bats
  2 frilled lizards
  4 kobolds
  6 rats
45 creatures vanquished.

Table legend:
 A = Non-vault XP
 B = Vault XP
 C = Vault XP percentage of total XP
 D = Non-vault monster count
 E = Vault monster count
 F = Vault count percentage of total count
                 A         B        C        D         E       F
            +---------+---------+-------+---------+---------+-------
      Total |     128 |       0 |   0.0 |      45 |       0 |   0.0
            +---------+---------+-------+---------+---------+-------
        D:1 |      25 |       0 |   0.0 |      15 |       0 |   0.0
        D:2 |      24 |       0 |   0.0 |      15 |       0 |   0.0
        D:3 |      77 |       0 |   0.0 |      14 |       0 |   0.0
        D:4 |       2 |       0 |   0.0 |       1 |       0 |   0.0
            +---------+---------+-------+---------+---------+-------

Illustrated notes

Table legend:
 A = Kills in this place as a percentage of kills in entire the game.
 B = Kills by you in this place as a percentage of kills by you in the entire game.
 C = Kills by friends in this place as a percentage of kills by friends in the entire game.
 D = Other kills in this place as a percentage of other kills in the entire game.
 E = Experience gained in this place as a percentage of experience gained in the entire game.
 F = Experience gained in this place divided by the number of levels of this place that you have seen.
                   A       B       C       D       E      F
               +-------+-------+-------+-------+-------+----------------------
         Total | 100.0 | 100.0 |   N/A |   N/A | 100.0 |  32.0
       Dungeon | 100.0 | 100.0 |   N/A |   N/A | 100.0 |  32.0
               +-------+-------+-------+-------+-------+----------------------

Table legend: (Time is in decaauts)
 A = Elapsed time spent in this place.
 B = Non-inter-level travel time spent in this place.
 C = Inter-level travel time spent in this place.
 D = Time resting spent in this place.
 E = Time spent auto-exploring this place.
 F = Levels seen in this place.
 G = Mean time per level.
                   A        B        C        D        E       F      G
               +--------+--------+--------+--------+--------+-----+--------+
         Total |   2588 |   2510 |     78 |     36 |   1980 |   4 |  647.0 |
       Dungeon |   2588 |   2510 |     78 |     36 |   1980 |   4 |  647.0 |
               +--------+--------+--------+--------+--------+-----+--------+

Top non-repeatable levels by time:
     D:1: 1040 daAuts
     D:2: 889 daAuts
     D:3: 594 daAuts
     D:4: 63 daAuts
